 Dungeon Crawl Stone Soup version 0.27.1-1-g398f81649c (webtiles) character file.

Game seed: 16043863649875277838

2938 sombersunday the Basher (level 9, 0/80 HPs)
             Began as a Minotaur Berserker on Aug 28, 2021.
             Was an Elder of Trog.
             Slain by a steam dragon (2 damage)
             ... on level 8 of the Dungeon on Sept 6, 2021.
             The game lasted 01:22:42 (8184 turns).

sombersunday the Basher (Minotaur Berserker)        Turns: 8184, Time: 01:22:42

Health: 0/80       AC: 13    Str: 29    XL:     9   Next: 51%
Magic:  8/8        EV:  9    Int:  4    God:    Trog [****..]
Gold:   473        SH: 11    Dex: 14    Spells: 8/8 levels left

rFire    . . .     SeeInvis .   i - +4 flail (holy)
rCold    . . .     Faith    .   v - +0 kite shield
rNeg     . . .     Spirit   .   C - +1 chain mail
rPois    .         Reflect  .   (helmet restricted)
rElec    .         Harm     .   (no cloak)
rCorr    +         Rampage  .   (no gloves)
Will     .....                  t - +0 pair of boots
Stlth    ..........             u - amulet of regeneration
HPRegen  1.23/turn              F - +6 ring of strength
MPRegen  0.11/turn              n - ring of resist corrosion

@: about to teleport, on berserk cooldown, slowed, very slow
A: horns 2, retaliatory headbutt, agile 1, high mp 1, sense surroundings 2
a: Renounce Religion, Berserk, Trog's Hand, Brothers in Arms


You were on level 8 of the Dungeon.
You worshipped Trog.
Trog was greatly pleased with you.
You visited 1 branch of the dungeon, and saw 8 of its levels.

You collected 473 gold pieces.

Inventory:

Hand Weapons
 a - a +1 spectral mace
 b - a +0 falchion
 c - a +0 spear
 i - a +4 flail of holy wrath (weapon)
 l - a +0 flail
 p - a +0 hunting sling
 q - a +0 war axe
 s - a +1 halberd of protection
 w - a +2 whip of freezing
 z - a +0 giant club
Missiles
 f - 273 stones (quivered)
Armour
 e - a +2 chain mail of fire resistance
 m - a +1 robe of fire resistance
 r - a +0 scale mail
 t - a +0 pair of boots (worn)
 v - a +0 kite shield (worn)
 C - a +1 chain mail (worn)
Jewellery
 n - a ring of resist corrosion (right hand)
 o - a ring of protection from cold
 u - an amulet of regeneration (around neck)
 A - an amulet of reflection
 F - a +6 ring of strength (left hand)
Wands
 y - a wand of flame (27)
 B - a wand of mindburst (10)
Scrolls
 d - 2 scrolls of torment
 g - 4 scrolls of identify
 h - 3 scrolls of fog
Potions
 j - a potion of curing
 k - 6 potions of mutation
 D - 2 potions of haste


   Skills:
 + Level 7.7 Fighting
 + Level 9.9 Maces & Flails
 + Level 0.5 Slings
 + Level 8.0 Armour
 + Level 5.4 Dodging
 + Level 1.5 Stealth
 + Level 4.2 Shields
 + Level 0.5 Unarmed Combat
 + Level 0.7 Evocations


You had 8 spell levels left.
You didn't know any spells.
Your spell library contained the following spells:

 Spells                   Type           Power      Damage    Failure   Level
 Apportation              Tloc           0%         N/A       100%        1
 Magic Dart               Conj           0%         1d3       100%        1
 Call Imp                 Summ           0%         N/A       100%        2
 Call Canine Familiar     Summ           0%         N/A       100%        3
 Mephitic Cloud           Conj/Pois/Air  0%         N/A       100%        3
 Portal Projectile        Hex/Tloc       0%         N/A       100%        3
 Leda's Liquefaction      Hex/Erth       0%         N/A       100%        4
 Alistair's Intoxication  Tmut/Pois      0%         N/A       100%        5
 Invisibility             Hex            0%         N/A       100%        6


Dungeon Overview and Level Annotations

Branches:
Dungeon (8/15)             Temple (0/1) D:7
   Lair: D:8-11

Altars:
Kikubaaqudgha

Shops:
D:5 (:

Annotations:
D:3 2 runed translucent doors, oldmanjim's ghost, amateur MiMo
D:5 1 runed translucent door, Urokeeper's ghost, novice GrFi
D:6 1 runed translucent door, Crazy Yiuf


Innate Abilities, Weirdness & Mutations

You have a pair of horns on your head.
You reflexively headbutt those who attack you in melee.
You are agile. (Dex +2)
You have an increased reservoir of magic. (+10% MP)
You passively map the area around you.


Message History

You feel sick. You block the gnoll's attack.
The steam dragon barely misses you.
The steam dragon claws you but does no damage.
You are too berserk!
You sock the steam dragon! You headbutt the steam dragon.
The steam dragon is heavily wounded.
You are engulfed in a cloud of scalding steam.
* * * LOW HITPOINT WARNING * * *
You feel sick.
You are no longer poisoned.
The gnoll closely misses you. The steam dragon bites you!
* * * LOW HITPOINT WARNING * * *
The steam dragon claws you but does no damage.
You sock the steam dragon!
The steam dragon is severely wounded.
You are engulfed in a cloud of scalding steam.
You block the gnoll's attack.
The steam dragon bites you but does no damage.
The steam dragon claws you.
* * * LOW HITPOINT WARNING * * *
You closely miss the gnoll.
You are no longer berserk.
You are exhausted.
You feel as though you will be slow longer.
The gnoll closely misses you. You furiously retaliate!
You headbutt the gnoll, but do no damage.
You block the gnoll's attack.
The steam dragon bites you but does no damage.
The steam dragon claws you but does no damage.
Okay, then.
As you read the scroll of teleportation, it crumbles to dust.
You feel strangely unstable. You block the gnoll's attack.
The gnoll hits you with a +0 club.
* * * LOW HITPOINT WARNING * * *
The steam dragon breathes steam at you. The ball of steam hits you!
* * * LOW HITPOINT WARNING * * *
The gnoll barely misses you. You block the gnoll's attack.
The steam dragon barely misses you. The steam dragon claws you.
You die...

..###...####..##...##....##..##
.......## #..###..##.......##
.......# #..# #..........##
.......# ,## #..........# #
.....#..#* , #.........## ##
##...##..## , #.........# ##.
##...##..#. ##........## ###..
* ##..# .....,
#ยง........####.... * #...
......##@...####......... *#...
.g.....gDg### ##........ , ,
..#####..## ##....##. .. ,, ,,
#..# #....### .. , * #..#
#....# # . , * #..# #...... ,
,, #..# *#....... ** * #..# *
...##... # #..# , ,,* **


You could see a steam dragon (catching breath) and 3 gnolls.

Vanquished Creatures
  Pikel (D:7)
  Grinder (D:5)
  A hornet (D:8)
  Prince Ribbit (D:5)
  Eustachio (D:6)
  An acid dragon (D:8)
  A water moccasin (D:8)
  2 black bears
  2 orc warriors
  An ogre (D:5)
  4 lemures (D:6)
  A centaur (D:6)
  A kobold brigand (D:8)
  A phantom (D:6)
  A bullfrog (D:6)
  2 wyvern zombies
  A scorpion (D:5)
  A water moccasin skeleton (D:6)
  3 hounds
  2 centaur zombies
  2 iguanas
  6 orc wizards
  3 gnolls (D:3)
  6 adders
  A white imp (D:5)
  A worm (D:2)
  5 dart slugs
  34 orcs
  9 ball pythons
  6 bats
  5 endoplasms
  5 giant cockroaches
  7 goblins
  3 hobgoblins
  4 jackals
  6 quokkas (D:1)
  8 frilled lizards
  14 kobolds
  4 rats
158 creatures vanquished.

Notes
Turn   | Place    | Note
-------+----------+-------------------------------------------
     0 | D:1      | sombersunday the Minotaur Berserker began the quest for the
                  | Orb.
     0 | D:1      | Reached XP level 1. HP: 19/19 MP: 0/0
   125 | D:1      | Reached skill level 4 in Maces & Flails
   237 | D:1      | Reached XP level 2. HP: 25/27 MP: 1/1
   552 | D:1      | Reached ** piety under Trog
   561 | D:1      | Reached XP level 3. HP: 22/33 MP: 2/2
  1250 | D:2      | Reached skill level 5 in Maces & Flails
  1272 | D:2      | Reached XP level 4. HP: 40/41 MP: 3/3
  1419 | D:2      | Found a faded altar of an unknown god.
  2078 | D:2      | Reached *** piety under Trog
  2194 | D:3      | Found a runed translucent door.
  2203 | D:3      | Noticed oldmanjim's ghost (amateur MiMo)
  2360 | D:3      | Reached XP level 5. HP: 47/47 MP: 4/4
  2537 | D:3      | Found a runed translucent door.
  2654 | D:2      | Gained mutation: You passively map a small area around you.
                  | [potion of mutation]
  2654 | D:2      | Gained mutation: You have an increased reservoir of magic.
                  | (+10% MP) [potion of mutation]
  2654 | D:2      | Gained mutation: You are agile. (Dex +2) [potion of
                  | mutation]
  2654 | D:2      | Gained mutation: You passively map the area around you.
                  | [potion of mutation]
  3296 | D:4      | Reached skill level 6 in Maces & Flails
  3594 | D:4      | Reached XP level 6. HP: 32/55 MP: 5/5
  3727 | D:4      | Reached skill level 5 in Fighting
  4014 | D:5      | Entered Level 5 of the Dungeon
  4110 | D:5      | Noticed Urokeeper's ghost (novice GrFi)
  4115 | D:5      | Found a runed translucent door.
  4322 | D:5      | Reached skill level 7 in Maces & Flails
  4436 | D:5      | Found Gysiseuf's Book Emporium.
  4446 | D:5      | Reached XP level 7. HP: 61/61 MP: 6/6
  4517 | D:5      | Noticed Prince Ribbit
  4534 | D:5      | Killed Prince Ribbit
  4535 | D:5      | Reached skill level 1 in Stealth
  4598 | D:5      | Reached **** piety under Trog
  4634 | D:5      | Found Idym's Antique Weapon Shoppe.
  4925 | D:5      | Noticed Grinder
  4934 | D:5      | Killed Grinder
  4935 | D:5      | Reached skill level 8 in Maces & Flails
  4935 | D:5      | Reached skill level 5 in Armour
  4935 | D:5      | Reached skill level 1 in Shields
  4972 | D:5      | Reached XP level 8. HP: 70/70 MP: 7/7
  5432 | D:6      | Noticed Eustachio
  5477 | D:6      | Noticed Pikel
  5536 | D:7      | Found a staircase to the Ecumenical Temple.
  5546 | D:7      | Killed Pikel
  5590 | D:6      | Killed Eustachio
  5591 | D:6      | Reached skill level 9 in Maces & Flails
  5591 | D:6      | Reached skill level 5 in Dodging
  6013 | D:6      | Found a runed translucent door.
  6014 | D:6      | Noticed Crazy Yiuf
  6413 | D:7      | Reached XP level 9. HP: 77/79 MP: 8/8
  6630 | D:7      | Found Cihupt's Distillery.
  7450 | D:8      | Found an ancient bone altar of Kikubaaqudgha.
  7903 | D:8      | Upgraded the game from 0.27.1 to 0.27.1-1-g398f81649c
  8176 | D:8      | Paralysed by a hornet for 3 turns
  8184 | D:8      | HP: 2/80 [steam dragon/ball of steam (12)]
  8184 | D:8      | Slain by a steam dragon

Illustrated notes

Levels and vault maps discovered:
D:1:      minmay_arrival_plants_in_alcoves, layout_rooms,
          chequers_serial_rivers_small_a
D:2:      minmay_recursive_quarters, layout_basic, basic_ecumenical_altar,
          minmay_misc_feat_nine_boxes
D:3:      layout_basic, ebering_ghost_sewer_f
D:4:      layout_cave_pools
D:5:      layout_loops_corners, serial_shops, kennysheep_little_box,
          shop_fountains, hellmonk_ghost_happy_afterlife, fountainhead,
          uniq_prince_ribbit1, uniq_grinder
D:6:      layout_basic, chequers_ossuary_entry_cave, uniq_eustachio, uniq_pikel,
          uniq_crazy_yiuf_cottage
D:7:      layout_basic, minmay_temple_entry_offerings, serial_shops,
          shop_fountains, nicolae_benzene_ring
D:8:      layout_layer_cave, mainiacjoe_overflow_concentric_impassable,
          uniq_maurice

Skill      XL: |  1  2  3  4  5  6  7  8  9 |
---------------+----------------------------+-----
Maces & Flails | 4 5 6 7 8 9 |  9.9
Fighting       | 4 5 7 |  7.7
Armour         | 3 4 5 6 8 |  8.0
Dodging        | 3 5 |  5.4
Stealth        | 1 |  1.5
Shields        | 1 3 4 |  4.2
Slings         | |  0.5
Unarmed Combat | |  0.5
Evocations     | |  0.7

Action                   |  1- 3 |  4- 6 |  7- 9 || total
-------------------------+-------+-------+-------++-------
Melee: Mace              |    81 |    23 |       ||   104
       Headbutt          |    12 |    22 |    42 ||    76
       Flail             |       |    87 |   171 ||   258
       Halberd           |       |     9 |       ||     9
       Unarmed           |       |       |    10 ||    10
 Fire: Hunting sling     |       |     2 |       ||     2
Invok: Berserk           |     2 |     8 |    11 ||    21
       Trog's Hand       |       |     2 |     3 ||     5
Evoke: Wand              |       |       |     5 ||     5
  Use: Potion            |       |     7 |     4 ||    11
       Scroll            |       |     1 |    12 ||    13
 Stab: Distracted        |     1 |       |       ||     1
Armor: Animal skin       |    15 |     3 |       ||    18
       Scale mail        |       |    34 |    78 ||   112
       Chain mail        |       |       |    44 ||    44
Dodge: Dodged            |    47 |    58 |   140 ||   245
Block: Kite shield       |       |     7 |   115 ||   122
